 Dungeon Crawl Stone Soup version 0.24.1-14-gf8d2b509d9 (webtiles) character file.

Game seed: 2355949845552141852, levelgen mode: deterministic

75 barney the Changer (level 4, 0/35 HPs)
             Began as a Draconian Transmuter on Sept 29, 2021.
             Slain by an adder (4 damage)
             ... on level 2 of the Dungeon.
             The game lasted 00:02:24 (2044 turns).

barney the Changer (Draconian Transmuter)           Turns: 2044, Time: 00:02:25

Health: 0/35       AC:  2    Str: 12    XL:     4   Next: 11%
Magic:  7/16       EV: 19    Int: 15    God:
Gold:   84         SH:  0    Dex: 16    Spells: 3/7 levels left

rFire    . . .     SeeInvis .     - Unarmed
rCold    . . .     Gourm    .   (shield currently unavailable)
rNeg     + . .     Faith    .   (armour unavailable)
rPois    x         Spirit   .   (helmet currently unavailable)
rElec    .         Reflect  .   (cloak currently unavailable)
rCorr    .         Harm     .   (gloves currently unavailable)
MR       .....                  (boots currently unavailable)
Stlth    +.........             (no amulet)
HPRegen  0.11/turn              d - ring of positive energy
MPRegen  0.15/turn              e - ring of magical power

@: lethally poisoned (0 -> -10), spider-form (expiring), very slightly
contaminated
A: tiny, unfitting armour, evolution 1, AC +5
a: End Transformation


You were on level 2 of the Dungeon.
You were not hungry.
You were a venomous arachnid creature.
You visited 1 branch of the dungeon, and saw 2 of its levels.

You collected 84 gold pieces.

Inventory:

Missiles
 a - 45 arrows
Jewellery
 d - a ring of positive energy (left front leg)
 e - a ring of magical power (right front leg)
Scrolls
 j - 2 scrolls of enchant weapon {unknown}
 k - 2 scrolls of teleportation
 n - a scroll of identify {unknown}
Comestibles
 b - 2 chunks of flesh
 c - 2 rations


   Skills:
 - Level 1.1 Fighting
 - Level 1.7 Dodging
 - Level 3.0 Unarmed Combat
 - Level 2.0 Spellcasting
 + Level 4.4 Transmutations


You had 3 spell levels left.
You knew the following spells:

 Your Spells              Type           Power        Failure   Level  Hunger
a - Beastly Appendage     Tmut           ##....       12%         1    #......
b - Spider Form           Tmut/Pois      #.........   47%         3    ###....

Your spell library contained the following spells:

 Spells                   Type           Power        Failure   Level  Hunger
 Sticks to Snakes         Tmut           ##......     16%         2    ###....
 Ice Form                 Ice/Tmut       #.......     83%         4    #####..
 Blade Hands              Tmut           ##........   86%         5    ######.


Dungeon Overview and Level Annotations

Branches:
Dungeon (2/15)

Altars:


Innate Abilities, Weirdness & Mutations

((Your plain brown scales are hard. (AC +5)))
You cannot fit into any form of body armour.
((You are cold-blooded and may be slowed by cold attacks.))
((Your system is resistant to poisons. (rPois)))
You evolve.


Message History

The adder is heavily wounded.
* * * LOW HITPOINT WARNING * * *
You feel sick. The adder completely misses you.
You closely miss the adder.
The adder is almost dead.
Your transformation is almost over.
* * * LOW HITPOINT WARNING * * *
You feel sick. The adder misses you.
You aren't carrying any potions.
Unknown command.
You hit the adder.
You kill the adder!
You have reached level 4!
You feel clever.
* * * LOW HITPOINT WARNING * * *
You feel sick. The adder barely misses you.
You closely miss the adder.
* * * LOW HITPOINT WARNING * * *
You feel sick. The adder bites you.
You die...

#)##..##......## #
#....##.((...## #
##..##......## #
#..##..(...## #
#.##...(..## #
###......## #
##.....)## #
#......### #
#s#......### # .
#S###......### # #
#gr.###......### #
##....###......#'#
#.?#....###......#
#.##.##...###.....
#$ .# #.. ###..#
## ## # ######
......


You could see an adder, a goblin and a rat.

Vanquished Creatures
  A gnoll (D:2)
  3 adders (D:2)
  A worm (D:2)
  2 ball pythons (D:1)
  2 giant cockroaches
  4 hobgoblins (D:2)
  4 kobolds
  3 quokkas (D:2)
  4 bats
  4 frilled lizards
  5 goblins
  4 rats
37 creatures vanquished.

Notes
Turn   | Place    | Note
-------+----------+-------------------------------------------
     0 | D:1      | barney the Draconian Transmuter began the quest for the
                  | Orb.
     0 | D:1      | Reached XP level 1. HP: 16/16 MP: 3/3
   450 | D:1      | Reached XP level 2. HP: 23/23 MP: 5/5
   895 | D:2      | Reached skill level 3 in Transmutations
  1044 | D:2      | Gained mutation: Your tail ends in a poisonous barb.
                  | [potion of mutation]
  1044 | D:2      | Gained mutation: You have very sharp teeth. [potion of
                  | mutation]
  1315 | D:2      | Reached XP level 3. HP: 26/28 MP: 6/6
  1629 | D:2      | Lost mutation: Your tail ends in a poisonous barb. [potion
                  | of mutation]
  1629 | D:2      | Lost mutation: You have very sharp teeth. [potion of
                  | mutation]
  1629 | D:2      | Gained mutation: You evolve. [potion of mutation]
  1657 | D:2      | Reached skill level 4 in Transmutations
  1864 | D:2      | Gained mutation: Your system is resistant to poisons.
                  | (rPois) [evolution]
  1869 | D:2      | Learned a level 3 spell: Spider Form
  2043 | D:2      | Reached XP level 4. HP: 6/35 MP: 7/7
  2044 | D:2      | Slain by an adder

Levels and vault maps discovered:
D:1:      minmay_arrival_up_and_down, layout_basic
D:2:      minmay_razor_zed, layout_basic, amethyst_overflow_temple_binary,
          uniq_robin

Skill      XL: |  1  2  3 |
---------------+----------+-----
Transmutations | 3 4 |  4.4
Fighting       | |  1.1
Dodging        | |  1.7
Unarmed Combat | |  3.0
Spellcasting   | |  2.0

Action                   |  1- 3 |  4- 6 || total
-------------------------+-------+-------++-------
Melee: Unarmed           |   125 |     1 ||   126
       Tailslap          |    12 |       ||    12
       Kick              |    10 |       ||    10
       Headbutt          |     3 |       ||     3
       Bite              |     1 |       ||     1
       Punch             |     1 |       ||     1
 Cast: Beastly Appendage |    17 |       ||    17
       Spider Form       |     1 |       ||     1
  Use: Potion            |     5 |       ||     5
       Scroll            |     3 |       ||     3
 Stab: Sleeping          |     1 |       ||     1
  Eat: Chunk             |     4 |       ||     4
Armor: Skin              |    48 |       ||    48
Dodge: Dodged            |    99 |     1 ||   100
